 Dungeon Crawl Stone Soup version 0.29.1-12-g30fa7ad0bf (webtiles) character file.

Game seed: 1501646682747922369

3518 retardedninja the Cleaver (level 10, 0/88 HPs)
             Began as a Hill Orc Fighter on Dec 15, 2022.
             Was an Initiate of Gozag.
             Collided with a rock wall (7 damage)
             ... caused by Erica
             ... on level 8 of the Dungeon.
             The game lasted 00:11:33 (10915 turns).

retardedninja the Cleaver (Hill Orc Fighter)       Turns: 10915, Time: 00:11:40

Health: 0/88       AC: 17    Str: 24    XL:     10   Next: 8%
Magic:  10/10      EV:  8    Int:  8    God:    Gozag
Gold:   787        SH:  9    Dex: 10    Spells: 9/9 levels left

rFire   . . .      SeeInvis .   a - +0 war axe
rCold   . . .      Faith    .   q - +0 kite shield
rNeg    . . .      Spirit   .   d - +3 scale mail
rPois   .          Reflect  .   x - +0 helmet
rElec   .          Harm     .   (no cloak)
rCorr   .          Rampage  .   g - +0 pair of gloves
Will    .....                   w - +2 pair of boots
Stlth   ..........              (no amulet)
HPRegen 0.24/turn               (no ring)
MPRegen 0.12/turn               (no ring)

@: no status effects
A: no striking features
a: Renounce Religion, Potion Petition, Call Merchant, Bribe Branch


You were on level 8 of the Dungeon.
You worshipped Gozag.
Gozag was pleased with you.
You visited 2 branches of the dungeon, and saw 9 of its levels.

You collected 845 gold pieces.
You paid 58 gold pieces to Gozag.

Inventory:

Hand Weapons
 a - a +0 war axe (weapon)
Missiles
 o - 6 javelins (quivered)
Armour
 d - a +3 scale mail (worn)
 g - a +0 pair of gloves (worn)
 q - a +0 kite shield (worn)
 w - a +2 pair of boots (worn)
 x - a +0 helmet (worn)
Jewellery
 n - a ring of ice
Wands
 b - a wand of flame (26)
 p - a wand of digging (8)
Scrolls
 c - a scroll of brand weapon {unknown}
 h - a scroll of silence
 l - a scroll of teleportation
 r - 2 scrolls of blinking
 s - a scroll of identify
 t - a scroll of magic mapping
 v - a scroll of enchant armour
 y - a scroll of immolation {unknown}
Potions
 e - a potion of berserk rage {unknown}
 f - 3 potions of flight {unknown}
 i - 3 potions of attraction
 j - 3 potions of lignification
 k - a potion of haste {unknown}
 m - 2 potions of resistance
 u - 3 potions of curing {unknown}


   Skills:
 + Level 7.8 Fighting
 + Level 12.8 Axes
 + Level 1.2 Throwing
 + Level 8.1 Armour
 + Level 6.2 Shields


You had 9 spell levels left.
You didn't know any spells.
Your spell library contained the following spells:

 Spells                   Type           Power      Damage    Failure   Level
 Apportation              Tloc           0%         N/A       95%         1
 Magic Dart               Conj           0%         1d3       95%         1
 Necrotise                Necr           0%         1d4       95%         1
 Summon Small Mammal      Summ           0%         N/A       95%         1
 Passage of Golubria      Tloc           0%         N/A       100%        4
 Silence                  Hex/Air        0%         N/A       100%        5
 Lehudib's Crystal Spear  Conj/Erth      0%         10d2      100%        8


Dungeon Overview and Level Annotations

Branches:
Dungeon (8/15)             Temple (1/1) D:5
   Lair: D:8-11

Altars:
Cheibriados
Dithmenos
Elyvilon
Gozag
Hepliaklqana
Kikubaaqudgha
Nemelex Xobeh
Okawaru
Ru
Sif Muna
Vehumet

Shops:
D:6 !

Annotations:
D:8 Erica


Message History

No target in view!
You closely miss something. Something hits you. Something burns you.
You slash something!
You hear some strange, mumbled words.
Something tries to affect you, but you resist.
You slash something! Something hits you but does no damage.
You barely miss something. Something hits you. Something burns you.
You slash something!
You hear some strange, mumbled words.
Something tries to affect you, but you resist.
You barely miss something. Something hits you but does no damage.
You slash something! Something hits you. Something burns you.
You barely miss something.
You hear some strange, mumbled words.
You are confused.
You're too confused to move!
Something hits you. Something burns you.
You barely miss something. Something hits you. Something burns you.
Something hits you. Something burns you.
You're too confused to move!
Something hits you but does no damage.
You feel less confused.
You barely miss something. Something hits you! Something burns you.
You hear some strange, mumbled words.
You are confused.
Something hits you but does no damage. Something hits you but does no damage.
You're too confused to move!
Something hits you but does no damage. Something hits you! Something burns you.
Something hits you.
* * * LOW HITPOINT WARNING * * *
Something burns you.
* * * LOW HITPOINT WARNING * * *
You feel less confused.
You hear some strange, mumbled words.
A lance of force appears from out of thin air!
The lance of force hits you!!
* * * LOW HITPOINT WARNING * * *
You are knocked back by the lance of force.
You slam into the rock wall!
You die...
Your body crumbles into a pile of gold.

##########
..##.....#
..>......##########
...<.....##.....@.#
..........#.......#
..##.....##.......#
..##.)...##.......#
................{.#
..............)...#
.........######'###
..#########......<#
..# #..........


There were no monsters in sight!

Vanquished Creatures
  A cyclops (D:8)
  Prince Ribbit (D:5)
  Eustachio (D:6)
  A steam dragon (D:7)
  A black bear (D:7)
  2 ogres
  3 centaurs
  5 phantoms
  A kobold brigand (D:6)
  3 bullfrogs
  2 necrophages (D:5)
  7 scorpions
  A gnoll sergeant (D:7)
  4 wights
  3 howler monkeys (D:7)
  6 orc priests
  A hound (D:6)
  2 jellies (D:6)
  An iguana (D:6)
  4 orc wizards
  9 gnolls
  4 adders
  A shadow imp (D:6)
  2 white imps (D:6)
  2 ufetubi (D:4)
  A worm (D:4)
  6 dart slugs
  23 orcs
  7 endoplasms
  A giant cockroach (D:1)
  5 goblins
  4 hobgoblins
  10 jackals
  16 kobolds
  5 quokkas
  12 ball pythons
  9 bats
  3 frilled lizards
  7 rats
177 creatures vanquished.

Notes
Turn   | Place    | Note
-------+----------+-------------------------------------------
     0 | D:1      | retardedninja the Hill Orc Fighter began the quest for the
                  | Orb.
     0 | D:1      | Reached XP level 1. HP: 19/19 MP: 1/1
   121 | D:1      | Reached XP level 2. HP: 27/27 MP: 2/2
   258 | D:1      | Reached skill level 3 in Axes
   381 | D:1      | Reached XP level 3. HP: 33/33 MP: 3/3
   429 | D:1      | Found a faded altar of an unknown god.
  1445 | D:3      | Reached XP level 4. HP: 33/40 MP: 4/4
  1604 | D:3      | Reached skill level 4 in Axes
  2408 | D:4      | Noticed a scorpion
  2416 | D:4      | Killed a scorpion
  2417 | D:4      | Reached XP level 5. HP: 43/47 MP: 5/5
  2540 | D:4      | Reached skill level 5 in Axes
  2791 | D:4      | Found a snail-covered altar of Cheibriados.
  3309 | D:5      | Entered Level 5 of the Dungeon
  3317 | D:5      | Reached XP level 6. HP: 53/53 MP: 6/6
  3389 | D:5      | Reached skill level 6 in Axes
  3517 | D:5      | Found a staircase to the Ecumenical Temple.
  3520 | D:5      | Reached XP level 7. HP: 57/60 MP: 7/7
  3531 | Temple   | Entered the Ecumenical Temple
  3590 | Temple   | Became a worshipper of Gozag Ym Sagoz the Greedy
  3614 | D:5      | Identified the ring "Xuegenea" {rElec rCorr Str-2 SInv}
  3648 | D:5      | Reached skill level 7 in Axes
  3648 | D:5      | Reached skill level 5 in Armour
  4001 | D:5      | Reached skill level 5 in Fighting
  4094 | D:5      | Reached skill level 8 in Axes
  4144 | D:5      | Reached XP level 8. HP: 63/68 MP: 8/8
  4290 | D:5      | Reached skill level 5 in Shields
  4326 | D:5      | Found a radiant altar of Vehumet.
  4342 | D:5      | Got Vehumet's Commentary on the Impact
  4344 | D:5      | Found an ancient bone altar of Kikubaaqudgha.
  4345 | D:5      | Found a shimmering blue altar of Sif Muna.
  4477 | D:6      | Reached skill level 9 in Axes
  4568 | D:6      | Noticed Prince Ribbit
  5286 | D:5      | Killed Prince Ribbit
  5667 | D:5      | Reached skill level 10 in Axes
  5701 | D:6      | Reached skill level 1 in Throwing
  5777 | D:6      | Noticed Eustachio
  5801 | D:6      | Killed Eustachio
  5802 | D:6      | Reached XP level 9. HP: 66/75 MP: 9/9
  6454 | D:6      | Reached skill level 11 in Axes
  6646 | D:6      | Found Wyacydyi's Distillery.
  6763 | D:6      | Found a shadowy altar of Dithmenos.
  7688 | D:7      | Reached skill level 12 in Axes
 10808 | D:8      | Identified the +2 longbow of Crawling {venom, rElec}
 10818 | D:8      | Noticed a cyclops
 10834 | D:8      | Killed a cyclops
 10835 | D:8      | Reached XP level 10. HP: 82/88 MP: 10/10
 10891 | D:8      | Noticed Erica
 10915 | D:8      | Collided with a rock wall

Illustrated notes

Levels and vault maps discovered:
D:1:      beargit_arrival_greenhouse, layout_loops_ring,
          ebering_ecumenical_altar_mist, supply_closet_lemuel,
          corexii_item_surrounded_by_moat
D:2:      layout_loops_ring
D:3:      layout_basic, hangedman_decor_slide_cut, minmay_misc_feat_tower,
          minmay_misc_feat_more_columns, nicolae_concentric_dashed_squares_wild,
          st_stairs_3
D:4:      layout_loops_cross, nicolae_overflow_crystal_walls,
          grunt_ministairs_5, serial_park_tiny_pond, amcnicky_mini_pool_small,
          minmay_misc_feat_encased
D:5:      layout_basic, grunt_temple_overflow_magic_moments,
          minmay_temple_entry_large_hall
D:6:      layout_basic, nicolae_dithmenos_shadow_blocks, serial_shops, shop,
          uniq_eustachio, uniq_prince_ribbit1
D:7:      layout_cave_pools
D:8:      minmay_quarter_circles, layout_gridville,
          nicolae_uskayaw_murder_on_the_dancefloor, minmay_orc_keep, uniq_erica
Temple:   nicolae_temple_ecumenical_triangle

Skill      XL: |  1  2  3  4  5  6  7  8  9 |
---------------+----------------------------+-----
Axes           | 3 4 5 6 8 10 12 | 12.8
Fighting       | 4 5 6 7 |  7.8
Armour         | 4 5 6 8 |  8.1
Shields        | 4 5 6 |  6.2
Throwing       | 1 |  1.2

Action                   |  1- 3 |  4- 6 |  7- 9 | 10-12 || total
-------------------------+-------+-------+-------+-------++-------
Melee: War axe           |   120 |   152 |   348 |    10 ||   630
Throw: Javelin           |     7 |       |     6 |       ||    13
       Throwing net      |       |       |     1 |       ||     1
  Use: Scroll            |       |     9 |     2 |       ||    11
       Potion            |       |     2 |     3 |       ||     5
Armor: Scale mail        |    76 |    72 |   179 |     6 ||   333
Dodge: Dodged            |    78 |    57 |   171 |       ||   306
Block: Buckler           |    36 |    41 |    97 |       ||   174
       Kite shield       |       |       |     1 |       ||     1
